AoeStats
← Mirza

Arena

504167369Analyzed
4v4 RM · 29d ago on Sep 4, 2026· 47m 7s· 8 players
Game mode
Random Map
Map size
Large (8 player)
Population
200
Speed
Normal
Resources
Standard
Victory
Conquest
Starting age
Dark Age
Ending age
Imperial Age
RankedLock teamsTeams togetherTeam positionsShared explorationLock speedFull tech treeHidden civsTurbo modeCheats
Victory
Defeat
🇦🇺 Khmer · Australia
922
+12
🇦🇺 Spanish · Australia
864
+27
🇮🇩 Malians · Indonesia
747
+19
🇦🇺 Aztecs · Australia
727
+21
🇮🇹 Byzantines · Italy
854
-31
🇭🇰 Britons · Hong Kong SAR China
827
-17
🇺🇸 Celts · United States
821
-34
🇹🇷 Tatars · Türkiye
790
-15
sonsehzadee
11:31 Feudal Age
17:29 Castle Age
15:38 Double-Bit Axe
15:46 Stone Mining
16:05 Gold Mining
24:44 Wheelbarrow
24:16 Loom
27:07 Hand Cart
27:15 Horse Collar
27:56 Heavy Plow
29:52 Bow Saw
33:06 Imperial Age
30:44 Silk Armor
31:26 Scale Barding Armor
31:32 Forging
32:19 Husbandry
32:30 Bloodlines
32:45 Chain Barding Armor
34:15 Gold Shaft Mining
34:20 Conscription
33:47 Elite Steppe Lancer
35:32 Plate Barding Armor
35:34 Iron Casting
Mirza
1:08 Loom
triplefives
10:42 Feudal Age
12:17 Loom
17:29 Castle Age
15:38 Double-Bit Axe
16:52 Gold Mining
16:46 Horse Collar
17:01 Fletching
19:44 Stone Mining
21:38 Wheelbarrow
24:29 Bodkin Arrow
25:40 Bow Saw
27:44 Treadmill Crane
27:59 Murder Holes
29:47 Hand Cart
32:07 Imperial Age
30:59 Hand Cart
31:16 Yeomen
31:17 Heavy Plow
31:20 Padded Archer Armor
31:34 Forging
33:03 Warwolf
34:58 Two-Man Saw
34:47 Bracer
35:03 Leather Archer Armor
35:21 Conscription
37:26 Siege Engineers
40:15 Pikeman
40:56 Squires
43:44 Elite Longbowman
46:24 Block Printing
bs-32
1800000
12:27 Feudal Age
12:56 Horse Collar
13:05 Double-Bit Axe
18:25 Castle Age
16:21 Stone Mining
16:27 Gold Mining
17:20 Forging
17:13 Scale Mail Armor
21:16 Gold Shaft Mining
20:54 Bow Saw
20:46 Heavy Plow
21:27 Stone Shaft Mining
23:06 Squires
27:09 Loom
30:31 Imperial Age
29:29 Wheelbarrow
29:57 Iron Casting
29:38 Chain Mail Armor
29:12 Arson
29:40 Town Watch
31:45 Conscription
31:48 Garland Wars
31:20 Elite Jaguar Warrior
32:45 Crop Rotation
33:58 Blast Furnace
33:29 Plate Mail Armor
34:19 Hand Cart
39:28 Siege Engineers
39:45 Ballistics
Gneisenau HK
12:02 Feudal Age
13:11 Horse Collar
14:14 Loom
16:52 Castle Age
15:00 Double-Bit Axe
18:53 Bow Saw
20:19 Wheelbarrow
20:29 Heavy Plow
27:19 Hand Cart
29:06 Town Watch
29:43 Fortified Wall
29:55 Ballistics
30:36 Town Patrol
30:37 Murder Holes
30:51 Husbandry
31:01 Bloodlines
31:04 Scale Barding Armor
31:09 Forging
35:21 Imperial Age
35:39 Iron Casting
35:24 Chain Barding Armor
35:46 Masonry
35:52 Elite Battle Elephant
38:07 Blast Furnace
38:08 Plate Barding Armor
38:18 Crop Rotation
38:26 Conscription
38:07 Tusk Swords
39:28 Caravan
39:58 Coinage
42:10 Fervor
42:20 Sanctity
42:27 Illumination
42:03 Devotion
42:38 Theocracy
41:58 Herbal Medicine
41:37 Elite Ballista Elephant
43:56 Chemistry
43:02 Siege Engineers
47:07 Faith
BlueGuardian
9:11 Loom
11:25 Feudal Age
12:05 Double-Bit Axe
12:02 Horse Collar
19:24 Castle Age
18:54 Forging
19:05 Scale Mail Armor
19:53 Gold Mining
22:02 Bow Saw
26:18 Wheelbarrow
26:20 Scale Barding Armor
31:00 Imperial Age
28:52 Heavy Plow
29:21 Stone Mining
30:32 Hand Cart
30:45 Bloodlines
30:36 Husbandry
31:44 Iron Casting
32:47 Gold Shaft Mining
33:47 Chain Mail Armor
33:20 Arson
34:28 Conscription
35:46 Ballistics
35:52 Cavalier
37:13 Plate Mail Armor
37:29 Farimba
38:43 Chain Barding Armor
41:21 Plate Barding Armor
BR20VA
3:28 Loom
7:35 Loom
12:57 Feudal Age
14:19 Horse Collar
14:51 Gold Mining
15:32 Double-Bit Axe
17:42 Stone Mining
24:31 Castle Age
23:30 Fletching
23:40 Padded Archer Armor
25:14 Husbandry
25:24 Bloodlines
24:35 Light Cavalry
26:05 Stone Shaft Mining
25:48 Caravan
26:12 Bow Saw
26:02 Bodkin Arrow
26:22 Leather Archer Armor
27:34 Leather Archer Armor
27:21 Scale Mail Armor
28:32 Heavy Plow
34:00 Forging
34:05 Chain Mail Armor
33:56 Scale Barding Armor
35:33 Wheelbarrow
38:12 Imperial Age
35:29 Town Watch
37:26 Hand Cart
41:53 Murder Holes
42:19 Ballistics
41:39 Cavalier
41:42 Onager
43:38 Town Patrol
43:24 Pikeman
44:05 Squires
43:50 Arson
44:44 Iron Casting
44:25 Chain Mail Armor
44:06 Halberdier
45:15 Fortified Wall
45:16 Masonry
46:07 Chemistry
44:52 Arrowslits
45:56 Paladin
47:59 Bombard Tower
Connection lost

Rejoining the realm…

Still unreachable

The connection could not be restored.

Session expired

The server has moved on; the page needs a fresh start.